Map: World of Sleepers LE

Players

BlackWing

  • Race: Zerg Zerg
  • League: Master
  • Spawn Location: 7:00

Frobster - Winner!

  • Race: Terran Terran
  • League: Master
  • Spawn Location: 1:00

VOD

Have the link to the VOD?

Description

Time

  • Played on: Aug. 26, 2019, 8:05 p.m.
  • Length: 5:13
Show
View Real Time Build Order
Export as new Build Order

BlackWing Zerg 

Build Orders: Hatch First 

Get SALT Encoding   

  12  0:01  Drone  
  13  0:12  Overlord  
  13  0:16  Drone  
  14  0:31  Drone x2  
  16  0:49  Hatchery  
  15  0:53  Drone  
  16  0:57  Drone  
  16  1:00  Drone  
  18  1:11  Extractor  
  18  1:16  Spawning Pool  
  16  1:18  Drone  
  16  1:22  Drone  
  18  1:28  Drone  
  19  1:38  Overlord  
  19  1:49  Drone  
  20  2:03  Queen x2, Zergling x2  
  20  2:04  Zergling x2  
  26  2:17  Drone  
  26  2:37  Metabolic Boost, Drone, Hatchery  
  26  2:39  Drone x3  
  29  2:47  Queen  
  31  2:56  Overlord  
  31  2:58  Overlord  
  31  3:17  Drone x4  
  31  3:18  Drone x4  
  31  3:19  Drone  
  40  3:35  Zergling x4  
  40  3:38  Queen  
  44  3:48  Overlord x2, Queen  
  46  3:50  Queen  
  48  3:55  Drone  
  48  3:56  Drone  
  50  4:07  Baneling Nest  
  49  4:11  Drone  
  49  4:12  Drone x6  
  49  4:13  Drone x2  
  58  4:18  Queen  
  60  4:25  Zergling x2  
  60  4:26  Zergling x8  
  60  4:29  Drone  
  65  4:40  Overlord x2  
  62  4:55  Zergling x14  
Show
View Real Time Build Order
Export as new Build Order

Frobster Terran - Winner!

Build Orders: Liberator Opening, Reaper Expand 

Get SALT Encoding   

  12  0:00  SCV  
  13  0:12  SCV  
  14  0:17  Supply Depot  
  14  0:24  SCV  
  15  0:38  SCV  
  15  0:41  Barracks  
  16  0:46  Refinery  
  16  0:50  SCV  
  17  1:03  SCV  
  18  1:15  SCV  
  19  1:28  Orbital Command, Reaper  
  20  1:40  Command Center  
  20  1:50  Supply Depot  
  20  1:54  SCV  
  20  2:00  Marine  
  22  2:06  Factory  
  22  2:09  SCV  
  22  2:14  Refinery  
  23  2:22  Barracks Reactor  
  23  2:30  SCV  
  24  2:53  Orbital Command  
  24  2:55  SCV  
  24  2:57  Starport  
  25  3:08  Hellion x2, Barracks Tech Lab  
  25  3:11  SCV  
  30  3:20  SCV  
  30  3:23  SCV  
  32  3:29  Hellion x2  
  32  3:30  Liberator  
  32  3:32  SCV  
  37  3:37  Supply Depot  
  37  3:38  SCV  
  38  3:44  SCV  
  42  3:50  SCV  
  43  3:56  Supply Depot, SCV, Hellion  
  43  3:59  Hellion  
  43  4:02  Supply Depot  
  48  4:09  SCV  
  49  4:12  SCV  
  50  4:17  Hellion  
  50  4:21  SCV, Hellion  
  56  4:24  SCV, Supply Depot  
  56  4:29  Supply Depot  
  56  4:33  SCV  
  56  4:36  SCV  
  62  4:45  SCV  
  62  4:48  Command Center  
  62  5:00  SCV  
  62  5:01  SCV  
  62  5:05  Barracks Tech Lab  
  62  5:06  Factory  
  64  5:08  Factory  
  64  5:12  Refinery  
Tags
 
Add a new tag
Caveats
  • Supply blocks, unpowered buildings, or Contaminate may cause inaccurate times.
  • Supply counts are checked every 10 seconds.